 Dungeon Crawl Stone Soup version 0.32-a0-931-g5a2cda0630 (webtiles) character file.

Game seed: 14457782265918849091

189 ezpacito the Trooper (level 5, 0/42 HPs)
             Began as a Coglin Chaos Knight on Apr 14, 2024.
             Was a Plaything of Xom.
             Incinerated by a bombardier beetle (4 damage)
             ... with a burning spray
             ... on level 4 of the Dungeon.
             The game lasted 00:02:20 (2271 turns).

ezpacito the Trooper (Coglin Chaos Knight)          Turns: 2271, Time: 00:02:21

Health: 0/42       AC:  7    Str: 15    XL:     5   Next: 68%
Magic:  6/6        EV: 11    Int: 11    God:    Xom [....*.]
Gold:   138        SH:  0    Dex: 13    Spells: 5/5 levels left

rFire   . . .        a - +0 hand axe (chaos) {Tawil}
rCold   . . .        d - +0 dagger {Kendra}
rNeg    . . .        b - +2 leather armour
rPois   .            (no helmet)
rElec   .            (no cloak)
rCorr   .            o - +1 pair of gloves
SInv    .            (no boots)
Will    .....        (amulet unavailable)
Stlth   +            (ring unavailable)
HPRegen 0.27/turn    (ring unavailable)
MPRegen 0.10/turn    (no gizmo)

%: no passive effects
@: on fire, glowing, revved
A: off-hand wielding, slow wielding, warmup strikes, no jewellery, noise
suppression
a: Invent Gizmo, Renounce Religion


You were on level 4 of the Dungeon.
You worshipped Xom.
You were a beloved toy of Xom.
You visited 1 branch of the dungeon, and saw 4 of its levels.

You collected 138 gold pieces.

Inventory:

Hand Weapons
 a - a +0 hand axe of chaos (weapon) {Tawil}
 d - a +0 dagger (offhand) {Kendra}
Missiles
 g - 2 poisoned darts (quivered)
 m - 5 javelins
Armour
 b - a +2 leather armour (worn)
 o - a +1 pair of gloves (worn)
Talismans
 f - a beast talisman
Wands
 i - a wand of flame (18)
Scrolls
 c - a scroll of butterflies
 e - 2 scrolls of immolation
 k - a scroll of brand weapon
 l - a scroll of enchant armour
 n - 2 scrolls of vulnerability
 p - 2 scrolls of enchant weapon
 t - 2 scrolls of teleportation
Potions
 h - a potion of haste {unknown}
 j - a potion of lignification {unknown}


   Skills:
 * Level 3.7 Fighting
 * Level 3.6(3.9) Axes
 * Level 1.6(2.7) Polearms
 * Level 2.6 Armour
 * Level 1.9 Dodging
 + Level 0.6 Stealth
 + Level 0.0 Unarmed Combat
 + Level 0.7 Spellcasting
 + Level 0.1 Evocations
 + Level 0.6 Shapeshifting


You had 5 spell levels left.
You didn't know any spells.
Your spell library contained the following spells:

 Spells                   Type           Power      Damage    Failure   Level
 Maxwell's Portable Pile  Tloc           0%         2d(5-13)  77%         3
 Arcjolt                  Conj/Air       0%         1d10      100%        5
 Maxwell's Capacitive Co  Air            0%         ∞         100%        8


Dungeon Overview and Level Annotations

Branches:
Dungeon (4/15)
 Temple: D:4-7

Altars:
Gozag
Yredelemnul

Shops:
D:3 [


Innate Abilities, Weirdness & Mutations

You can wield a second weapon in your off-hand.
It takes a long time for you to wield or remove held weapons.
Your first few attacks do less damage.
You cannot equip rings or amulets.
You passively dampen the noise of your surroundings.


Message History

The liquid fire burns you! The bombardier beetle bites you.
You take 5 damage, and have 27/41 hp.
You hit the bombardier beetle but do no damage.
The bombardier beetle is moderately wounded.
You hit the bombardier beetle with your +0 hand axe of chaos.
You freeze the bombardier beetle. The liquid fire burns you!
The bombardier beetle bites you but does no damage.
You take 5 damage, and have 22/41 hp.
You hit the bombardier beetle but do no damage.
The bombardier beetle is heavily wounded.
You hit the bombardier beetle with your +0 hand axe of chaos.
The acid corrodes the bombardier beetle!
The liquid fire burns you!
The bombardier beetle barely misses you.
You take 6 damage, and have 16/41 hp.
You hit the bombardier beetle but do no damage.
The bombardier beetle is almost dead.
You hit the bombardier beetle with your +0 hand axe of chaos.
You feel better.
You kill the bombardier beetle!
The liquid fire burns you!
You take 1 damage, and have 15/42 hp.
You shake off some of the fire as you move.
The liquid fire burns you!
* * * LOW HITPOINT WARNING * * *
The goblin attacks as it pursues you! The goblin hits you with a +0 club.
* * * LOW HITPOINT WARNING * * *
You take 10 damage, and have 5/42 hp.
MASSIVE DAMAGE!!
You shake off some of the fire as you move.
The liquid fire burns you!
* * * LOW HITPOINT WARNING * * *
You take 1 damage, and have 4/42 hp.
It was a potion of mutation.
You feel extremely strange.
You feel genetically unstable.
Your vision seems duller.
The horns on your head shrink away.
You feel insulated.
You feel conductive. The liquid fire burns you!
You die... "I guess I need a new plaything now."

#.# ####.#### #.......#
#.#####.# ##.# #.# ..#
#.##.# #.# #.##.# #
#.#####.##.########...#
#.......##.#.@g.†...>..
#.#####.##.#.######...#
#.## #.##.#)# .
#..####.##.#.#
##...........#
#..........######
#####..........
#.#.####### #.###.


You could see a goblin.

Vanquished Creatures
  A bombardier beetle (D:4)
  An iguana (D:3)
  A scorpion zombie (D:3)
  A hound zombie (D:3)
  A gnoll (D:1)
  3 adders
  An adder zombie (D:3)
  A dart slug (D:1)
  An orc (D:3)
  2 bats (D:1)
  5 endoplasms
  5 goblins
  3 hobgoblins
  2 jackals (D:3)
  3 kobolds
  3 quokkas
  6 ball pythons
  3 frilled lizards
  A quokka zombie (D:3)
  5 rats
49 creatures vanquished.

Notes
Turn   | Place    | Note
-------+----------+-------------------------------------------
     0 | D:1      | ezpacito the Coglin Chaos Knight began the quest for the
                  | Orb.
     0 | D:1      | Reached XP level 1. HP: 18/18 MP: 1/1
    12 | D:1      | XOM: divination: detect items
   218 | D:1      | Reached skill level 1 in Dodging
   228 | D:1      | XOM: divination: magic mapping
   233 | D:1      | Reached XP level 2. HP: 24/24 MP: 2/2
   411 | D:1      | Reached XP level 3. HP: 29/29 MP: 3/3
   800 | D:2      | XOM: fog
   839 | D:2      | XOM: 2-stop teleportation journey
  1013 | D:2      | XOM: torment (16/29 hp)
  1059 | D:2      | Reached XP level 4. HP: 32/35 MP: 4/4
  1214 | D:3      | Found Ylelycua's Antique Armour Boutique.
  1275 | D:3      | Reached skill level 1 in Polearms
  1509 | D:3      | XOM: 1-stop teleportation journey
  1587 | D:3      | Found a faded altar of an unknown god.
  1605 | D:3      | Found an opulent altar of Gozag.
  1635 | D:3      | XOM: noise
  1760 | D:3      | XOM: swap monsters
  1770 | D:3      | Reached XP level 5. HP: 41/41 MP: 5/5
  1886 | D:3      | XOM: give mutations
  1886 | D:3      | Gained mutation: You have supernaturally acute eyesight.
                  | (SInv) [Xom's grace]
  1886 | D:3      | Gained mutation: You passively dampen the noise of your
                  | surroundings. [Xom's grace]
  1886 | D:3      | Gained mutation: You have a pair of small horns on your
                  | head. [Xom's grace]
  1886 | D:3      | Gained mutation: You are somewhat resistant to further
                  | mutation. [Xom's grace]
  1989 | D:3      | Found a basalt altar of Yredelemnul.
  2271 | D:4      | Lost mutation: You are somewhat resistant to further
                  | mutation. [potion of mutation]
  2271 | D:4      | Lost mutation: You have supernaturally acute eyesight.
                  | (SInv) [potion of mutation]
  2271 | D:4      | Lost mutation: You have a pair of small horns on your head.
                  | [potion of mutation]
  2271 | D:4      | Gained mutation: You are resistant to electric shocks.
                  | (rElec) [potion of mutation]
  2271 | D:4      | Lost mutation: You are resistant to electric shocks.
                  | (rElec) [potion of mutation]
  2271 | D:4      | Incinerated by a bombardier beetle

Illustrated notes

Levels and vault maps discovered:
D:1:      wander_arrival_desolate, layout_basic, minmay_misc_feat_iff
D:2:      layout_rooms
D:3:      layout_loops_corners, nicolae_overflow_ecumenical_swirl,
          nicolae_yredelemnul_corpse_copse, serial_shops,
          nicolae_shop_advertising_works [nicolae_subvault_shop_adworks]
D:4:      layout_loops_ring, zin_purify, mainiacjoe_overflow_small_starburst,
          gup_ossuary_entry_pyramid, uniq_natasha, uniq_crazy_yiuf_cottage,
          uniq_menkaure, uniq_sigmund

Skill      XL: |  1  2  3  4 |
---------------+-------------+-----
Dodging        | 1 |  1.9
Armour         | 2 |  2.6
Polearms       | 1 |  1.6
Fighting       | |  3.7
Axes           | |  3.6
Stealth        | |  0.6
Spellcasting   | |  0.7
Evocations     | |  0.1
Shapeshifting  | |  0.6

Action                     |  1- 3 |  4- 6 || total
---------------------------+-------+-------++-------
  Melee: Hand axe          |    60 |    64 ||   124
         Dagger            |    51 |    61 ||   112
         Headbutt          |       |     1 ||     1
    Use: Scroll            |       |     8 ||     8
         Potion            |       |     1 ||     1
   Stab: Confused          |     2 |     1 ||     3
         Paralysed         |       |     1 ||     1
         Sleeping          |       |     1 ||     1
 Armour: Leather armour    |    26 |    41 ||    67
  Dodge: Dodged            |    38 |    31 ||    69

Table legend: (Time is in decaauts)
 A = Elapsed time spent in this place.
 B = Non-inter-level travel time spent in this place.
 C = Inter-level travel time spent in this place.
 D = Time resting spent in this place.
 E = Time spent auto-exploring this place.
 F = Levels seen in this place.
 G = Mean time per level.
                   A        B        C        D        E       F      G
               +--------+--------+--------+--------+--------+-----+--------+
         Total |   2277 |   2130 |    147 |      0 |   1791 |   4 |  569.2 |
       Dungeon |   2277 |   2130 |    147 |      0 |   1791 |   4 |  569.2 |
               +--------+--------+--------+--------+--------+-----+--------+

Top non-repeatable levels by time:
     D:3: 1017 daAuts
     D:1: 735 daAuts
     D:2: 453 daAuts
     D:4: 72 daAuts
